 Dungeon Crawl Stone Soup version 0.28.0 (webtiles) character file.

Game seed: 1990894504750964740

23938 trckry the Carver (level 13, -7/103 HPs)
             Began as a Barachi Abyssal Knight on Feb 5, 2022.
             Was a High Priest of Lugonu.
             Mangled by an orc knight (23 damage)
             ... on level 2 of the Orcish Mines.
             The game lasted 01:07:27 (21167 turns).

trckry the Carver (Barachi Abyssal Knight)         Turns: 21167, Time: 01:07:28

Health: -7/103     AC: 13    Str: 22    XL:     13   Next: 9%
Magic:  6/6        EV: 13    Int: 11    God:    Lugonu [*****.]
Gold:   1326       SH: 10    Dex: 14    Spells: 12/12 levels left

rFire   . . .      SeeInvis .   a - +2 demon blade (antimagic)
rCold   . . .      Faith    .   t - +0 kite shield
rNeg    . . .      Spirit   .   h - +2 leather armour of the Meadowlark {rCorr Str+4}
rPois   +          Reflect  .   (no helmet)
rElec   .          Harm     .   c - +2 cloak
rCorr   +          Rampage  .   p - +1 pair of gloves
Will    +....                   (no boots)
Stlth   +.........              F - amulet of the acrobat
HPRegen 0.27/turn               j - ring of willpower
MPRegen 0.10/turn               y - ring of poison resistance

@: studying Poison Magic, slow
A: amphibious, slowness 1, strong legs 2, +LOS, iridescent scales 1
a: Hop, Renounce Religion, Depart the Abyss, Bend Space, Banish, Corrupt, Enter
the Abyss


You were on level 2 of the Orcish Mines.
You worshipped Lugonu.
Lugonu was extremely pleased with you.
You visited 3 branches of the dungeon, and saw 14 of its levels.
You visited the Abyss 1 time.

You collected 1326 gold pieces.

Inventory:

Hand Weapons
 a - a +2 antimagic demon blade (weapon)
 b - a +1 scimitar of flaming
 J - the +2 scimitar of Absolution {freeze, Str+4}
   (You took it off a deep elf pyromancer on level 1 of the Orcish Mines)

   It freezes those it strikes, dealing additional cold damage.
   It can also slow down cold-blooded creatures.
   Str:       It affects your strength (+4).
Missiles
 r - 2 atropa-tipped darts
 x - 17 poisoned darts
 A - 4 silver javelins
 E - 5 silver boomerangs (quivered)
Armour
 c - a +2 cloak (worn)
 h - the +2 leather armour of the Meadowlark (worn) {rCorr Str+4}
   (You took it off a hobgoblin on level 2 of the Dungeon)

   Str:       It affects your strength (+4).
   rCorr:     It protects you from acid and corrosion.
 p - a +1 pair of gloves (worn)
 t - a +0 kite shield (worn)
Jewellery
 j - a ring of willpower (left hand)
 q - a ring of positive energy
 w - a ring of protection from cold
 y - a ring of poison resistance (right hand)
 F - an amulet of the acrobat (around neck)
Wands
 v - a wand of digging (10)
 B - a wand of acid (3)
 D - a wand of paralysis (1)
Scrolls
 d - 2 scrolls of vulnerability
 g - 6 scrolls of immolation
 k - a scroll of blinking
 l - 2 scrolls of teleportation
 m - 3 scrolls of fear
 o - a scroll of fog
 s - a scroll of brand weapon
 u - 2 scrolls of enchant weapon
 G - 3 scrolls of identify
 I - a scroll of summoning {unknown}
Potions
 f - 3 potions of curing
 i - 3 potions of invisibility
 n - a potion of haste
 z - 2 potions of magic


   Skills:
 - Level 10.0 Fighting
 * Level 13.9 Long Blades
 + Level 4.8 Throwing
 + Level 7.6 Armour
 + Level 6.7 Dodging
 + Level 7.8 Shields
 * Level 9.8 Invocations
 + Level 5.2 Evocations


You had 12 spell levels left.
You didn't know any spells.
Your spell library contained the following spells:

 Spells                   Type           Power      Damage    Failure   Level
 Corpse Rot               Necr/Air       0%         N/A       83%         2
 Poisonous Vapours        Pois/Air       0%         N/A       83%         2
 Sublimation of Blood     Necr           0%         N/A       83%         2
 Wereblood                Tmut           0%         N/A       83%         2
 Conjure Flame            Conj/Fire      0%         6-21      96%         3
 Ignite Poison            Fire/Tmut/Pois 0%         N/A       96%         3
 Sticky Flame             Conj/Fire      0%         2d3       100%        4
 Summon Hydra             Summ           0%         N/A       100%        7


Dungeon Overview and Level Annotations

Branches:
Dungeon (11/15)            Temple (1/1) D:4            Lair (0/6) D:11
    Orc (2/2) D:10            Elf (0/3) Orc:2

Altars:
Ashenzari
Cheibriados
Dithmenos
Elyvilon
Fedhas
Gozag
Hepliaklqana
Kikubaaqudgha
Makhleb
Nemelex Xobeh
Okawaru
Qazlal
Ru
Sif Muna
Trog
Uskayaw
Vehumet
Wu Jian
Xom
Yredelemnul
Zin
The Shining One
Beogh

Shops:
D:2 =(   D:4 [   D:9 =   D:11 (   Orc:2 !?

Annotations:
D:11 2 transporters, exclusion: ice statue, BobtheApe's ghost, journeyman MiFi
Orc:2 2 exclusions


Innate Abilities, Weirdness & Mutations

You are amphibious.
You cover ground slowly.
You can hop long distances.
You have an extended range of vision and can be seen from far away.
You are partially covered in iridescent scales. (AC +2)


Message History

The orc knight is heavily wounded.
You block the orc knight's attack.
You slash the orc knight!
The orc knight is severely wounded.
You barely miss the orc knight.
The orc knight is severely wounded.
You block the orc knight's attack.
You hit the orc knight.
The orc knight is severely wounded.
The orc knight hits you with a +0 great sword.
You closely miss the orc knight.
The orc knight is severely wounded.
You block the orc knight's attack.
You closely miss the orc knight.
The orc knight is severely wounded.
You closely miss the orc knight.
The orc knight is severely wounded.
The orc knight hits you with a +0 great sword!!
You closely miss the orc knight.
The orc knight is severely wounded.
The orc knight hits you with a +0 great sword!
* * * LOW HITPOINT WARNING * * *
You slash the orc knight!
The orc knight is severely wounded.
The orc knight hits you with a +0 great sword!
* * * LOW HITPOINT WARNING * * *
Aiming: Corrosive Bolt
Press: ? - help, Shift-Dir - straight line, f - orc knight
Aim: an orc knight, wielding a +0 great sword and wearing a +0 plate armour (severely wounded, 74% to hit)
The bolt of acid hits the orc knight!
The acid corrodes the orc knight!
The orc knight is almost dead.
You block the orc knight's attack.
Aiming: Corrosive Bolt
Press: ? - help, Shift-Dir - straight line, f/p - orc knight
Aim: an orc knight, wielding a +0 great sword and wearing a +0 plate armour (almost dead, covered in acid, 74% to hit)
The bolt of acid hits the orc knight!
The orc knight seems to be corroded for longer.
The orc knight is almost dead.
The orc knight hits you with a +0 great sword!!
You die...

.....#...##.....)..# ##...#....
........#.##...#...###∩.#..o..
#.#........##)....###.....#o.##
...##......#.......###∩.#.....##
....................###...#....##
.............#.......###....#...#
......................###..o.....
......#...........#.##.###o)###..
.....#.#.#....##@####### ##o.##
..#.#..........##o##.## ##..##
.................[....# ##o)##
................#..#.## ##))#
....................## ##).
................#..## #####.
..#..........#..o..# ##..###
..............#....## #....##
....#...............# ##..)))


You could see an orc knight (corroded).

Vanquished Creatures
  An orc warlord (Orc:2)
  A hydra (D:11)
  A boulder beetle (D:11)
  Erica (D:10)
  2 two-headed ogres
  A soul eater (Orc:2)
  An orc high priest (Orc:2)
  A wizard (D:10)
  A deep elf archer (Orc:2)
  2 orc knights (Orc:2)
  5 deep elf pyromancers
  3 orc sorcerers
  A cyclops (D:11)
  A gargoyle (D:10)
  An unseen horror (D:10)
  A freezing wraith (D:11)
  Psyche (D:8)
  A red devil (Orc:2)
  2 trolls
  2 hornets
  Sigmund (D:5)
  2 wyverns
  16 yaks
  2 wraiths
  2 vampire mosquitoes (D:11)
  3 wargs (D:11)
  A water moccasin (D:8)
  2 acid dragons
  2 ice beasts
  21 orc warriors
  A black bear (D:5)
  A necrophage (D:4)
  8 ogres
  2 centaurs
  4 bullfrogs
  2 kobold brigands
  2 gnoll sergeants
  5 scorpions
  A water moccasin zombie (D:5)
  A wyvern skeleton (D:6)
  16 killer bees
  5 howler monkeys
  4 wights (D:9)
  A bullfrog zombie (D:5)
  3 centaur zombies
  5 jellies
  19 orc priests
  3 hounds
  Crazy Yiuf (D:7)
  A centaur skeleton (D:7)
  3 gnoll shamans
  4 iguanas
  23 orc wizards
  A killer bee zombie (D:9)
  13 gnolls
  4 adders
  A shadow imp (D:6)
  A white imp (D:6)
  An adder skeleton (D:4)
  A worm (D:4)
  The ghost of zeram the Sneak, a weakling GrDe (D:5)
  3 dart slugs
  59 orcs
  2 bats
  3 endoplasms
  3 giant cockroaches
  7 goblins
  9 hobgoblins
  4 jackals (D:2)
  21 kobolds
  3 quokkas
  3 ball pythons
  A frilled lizard (D:3)
  A jackal skeleton (D:4)
  5 rats (D:1)
  2 bushes (D:4)
346 creatures vanquished.

Vanquished Creatures (others)
  An orc (D:8)
  10 plants (D:4)
11 creatures vanquished.

Grand Total: 357 creatures vanquished

Notes
Turn   | Place    | Note
-------+----------+-------------------------------------------
     0 | Abyss:1  | trckry the Barachi Abyssal Knight began the quest for the
                  | Orb.
     0 | Abyss:1  | Reached XP level 1. HP: 18/18 MP: 2/2
    42 | Abyss:1  | Noticed a chaos spawn
    44 | D:1      | Escaped the Abyss
   270 | D:1      | Reached XP level 2. HP: 20/25 MP: 3/3
   436 | D:1      | Reached skill level 3 in Long Blades
   513 | D:1      | Reached * piety under Lugonu
  1024 | D:2      | Reached XP level 3. HP: 16/30 MP: 4/4
  1293 | D:2      | Found Jigyu's Weapon Boutique.
  1620 | D:2      | Identified the +2 leather armour of the Meadowlark {rCorr
                  | Str+4}
  1695 | D:2      | Found Kunas's One-of-a-Kind Rings.
  1887 | D:3      | Reached XP level 4. HP: 33/37 MP: 5/5
  1954 | D:3      | Reached skill level 4 in Long Blades
  2162 | D:3      | Reached XP level 5. HP: 27/43 MP: 6/6
  2494 | D:3      | Reached ** piety under Lugonu
  2582 | D:3      | Reached skill level 5 in Long Blades
  2893 | D:4      | Found a staircase to the Ecumenical Temple.
  2919 | Temple   | Entered the Ecumenical Temple
  3152 | D:4      | Reached skill level 5 in Fighting
  3164 | D:4      | Noticed a necrophage
  3172 | D:4      | Killed a necrophage
  3173 | D:4      | Reached XP level 6. HP: 43/51 MP: 8/8
  3528 | D:4      | Reached skill level 6 in Long Blades
  3737 | D:4      | Reached XP level 7. HP: 13/56 MP: 9/9
  3739 | D:4      | HP: 8/56 [poisoned by a scorpion]
  3744 | D:4      | HP: 4/56 [poisoned by a scorpion]
  4332 | D:4      | Found Simor Davum's Antique Armour Shoppe.
  4473 | D:4      | Reached skill level 7 in Long Blades
  4919 | D:5      | Entered Level 5 of the Dungeon
  4959 | D:5      | Reached skill level 1 in Shields
  5040 | D:5      | Reached XP level 8. HP: 55/65 MP: 11/11
  5562 | D:4      | Reached *** piety under Lugonu
  5563 | D:4      | Reached skill level 8 in Long Blades
  6040 | D:5      | Found a runed translucent door.
  6040 | D:5      | Noticed zeram's ghost (weakling GrDe)
  6047 | D:5      | Noticed Sigmund
  6866 | D:5      | Killed Sigmund
  6867 | D:5      | Reached skill level 9 in Long Blades
  7121 | D:5      | Killed zeram's ghost
  7249 | D:6      | Reached skill level 5 in Invocations
  7387 | D:6      | Noticed a wyvern
  7618 | D:6      | Reached XP level 9. HP: 58/72 MP: 12/12
  8833 | D:7      | Found a runed translucent door.
  8834 | D:7      | Noticed Crazy Yiuf
  8909 | D:7      | Reached skill level 10 in Long Blades
  9028 | D:7      | Reached **** piety under Lugonu
  9047 | D:7      | HP: 8/74 [killer bee (4)]
 10156 | D:7      | Killed Crazy Yiuf
 10253 | D:8      | Noticed Psyche
 10256 | D:8      | Reached XP level 10. HP: 76/80 MP: 14/14
 10273 | D:8      | Killed Psyche
 10396 | D:8      | Noticed a two-headed ogre
 10497 | D:8      | Reached skill level 5 in Shields
 10547 | D:8      | Gained mutation: Armour fits poorly on your strangely
                  | shaped body. [potion of mutation]
 10547 | D:8      | Gained mutation: You are dopey. (Int -2) [potion of
                  | mutation]
 10547 | D:8      | Gained mutation: You are partially covered in iridescent
                  | scales. (AC +2) [potion of mutation]
 10561 | D:8      | HP: 10/81 [two-headed ogre (21)]
 11082 | D:8      | Found a sparkling altar of Nemelex Xobeh.
 11306 | D:8      | Reached skill level 11 in Long Blades
 11563 | D:8      | Killed a two-headed ogre
 11674 | D:8      | Identified a scroll of acquirement
 11674 | D:8      | Acquired a +2 antimagic demon blade
 11752 | D:9      | Reached skill level 1 in Evocations
 12163 | D:9      | Identified the +4 dagger of Zohanam {vorpal, Str+3}
 12190 | D:9      | You fall into a shaft and drop 2 floors!
 12192 | D:11     | Noticed a boulder beetle
 12194 | D:11     | Noticed a wizard
 12234 | D:11     | Reached skill level 1 in Throwing
 12234 | D:11     | Found a transporter.
 12253 | D:10     | Entered Level 10 of the Dungeon
 12253 | D:10     | Noticed Erica
 12269 | D:10     | Killed Erica
 12269 | D:10     | Reached ***** piety under Lugonu
 12270 | D:10     | Reached skill level 5 in Armour
 12270 | D:10     | Reached XP level 11. HP: 44/89 MP: 5/16
 12500 | D:10     | Found a staircase to the Orcish Mines.
 12528 | D:10     | Noticed a two-headed ogre
 12535 | D:10     | Killed a two-headed ogre
 13071 | D:10     | Reached skill level 12 in Long Blades
 13330 | D:10     | HP: 12/89 [something (3)]
 14130 | D:9      | Found Resemong's Jewellery Boutique.
 14287 | D:9      | Reached skill level 5 in Dodging
 14964 | D:11     | Found Fatwap's Antique Weapon Shop.
 15018 | D:11     | Noticed a deep elf pyromancer
 15051 | D:11     | Noticed a centaur warrior
 15199 | D:11     | Found a staircase to the Lair.
 15289 | D:11     | Noticed a deep elf pyromancer
 15301 | D:11     | Killed a deep elf pyromancer
 15342 | D:11     | Noticed a two-headed ogre
 15344 | D:11     | Noticed a fire dragon
 15344 | D:11     | Noticed a deep elf pyromancer
 15352 | D:11     | Noticed BobtheApe's ghost (journeyman MiFi)
 15368 | D:11     | Found a transporter.
 15393 | D:11     | Killed a deep elf pyromancer
 15435 | D:11     | Killed a boulder beetle
 15436 | D:11     | Reached XP level 12. HP: 31/97 MP: 6/18
 15463 | D:10     | HP: 13/97 [orc warrior (16)]
 15935 | D:11     | Noticed a seven-headed hydra
 16038 | D:11     | HP: 8/97 [freezing wraith (7)]
 16385 | D:11     | Killed a seven-headed hydra
 17082 | Orc:1    | Entered Level 1 of the Orcish Mines
 17145 | D:10     | Reached skill level 13 in Long Blades
 17871 | Orc:1    | Reached skill level 10 in Fighting
 18097 | Orc:2    | Entered Level 2 of the Orcish Mines
 18124 | Orc:2    | Found a staircase to the Elven Halls.
 18150 | Orc:2    | Identified the +2 scimitar of Absolution {freeze, Str+4}
 19375 | Orc:2    | Noticed an orc high priest
 19390 | Orc:2    | Noticed a soul eater
 19391 | Orc:2    | Killed an orc high priest
 19396 | Orc:2    | Noticed an orc warlord
 19412 | Orc:2    | Killed an orc warlord
 19696 | Orc:2    | Reached skill level 5 in Evocations
 20412 | Orc:2    | Noticed a soul eater
 20430 | Orc:2    | Killed a soul eater
 20431 | Orc:2    | Gained mutation: You can hop long distances. [Barachi
                  | growth]
 20431 | Orc:2    | Reached XP level 13. HP: 61/103 MP: 6/20
 20586 | Orc:2    | Lost mutation: You are dopey. (Int -2) [potion of mutation]
 20586 | Orc:2    | Lost mutation: Armour fits poorly on your strangely shaped
                  | body. [potion of mutation]
 20649 | Orc:2    | Found Supitramm's Magic Scroll Shop.
 20651 | Orc:2    | Found Zimanwol's Distillery.
 21165 | Orc:2    | HP: 15/103 [orc knight (14)]
 21167 | Orc:2    | Mangled by an orc knight

Illustrated notes

Levels and vault maps discovered:
D:1:      ncdulo_lavacross, layout_loops_ring
D:2:      kennysheep_big_flooded_room, layout_rooms, serial_shops, shop,
          nicolae_shop_unique_rings
D:3:      layout_basic
D:4:      minmay_bubble_buster, layout_loops_ring,
          minmay_temple_entry_gardened_gates, serial_forest,
          infiniplex_forest_split, infiniplex_forest_fountain,
          infiniplex_forest_straight_2, infiniplex_forest_clump_cross,
          infiniplex_forest_clump_large, infiniplex_forest_clump_small,
          infiniplex_forest_3_way, infiniplex_forest_straight_2,
          infiniplex_forest_straight_2, serial_shops, kennysheep_mini_moat,
          minmay_manual_mail
D:5:      layout_cave_pods, gammafunk_ghost_grave, serial_column_ruins,
          column_ruins_square_large, column_ruins_square_large,
          column_ruins_open_tiny, column_ruins_open_small_water,
          column_ruins_open_medium, column_ruins_open_medium,
          lemuel_flamethrower_2, uniq_sigmund
D:6:      layout_layer_cave
D:7:      layout_loops_cross, uniq_crazy_yiuf_cottage
D:8:      layout_loops_ring, nemelex_diamond_rough_becter, uniq_psyche
D:9:      layout_loops_ring, serial_shops, nicolae_shop_hallway_plus
D:10:     layout_irregular_city, orc_0_dummy, uniq_erica
D:11:     layout_rooms, erik_lair_orcish_takeover, nzn_ghost_randoct,
          chequers_serial_rivers_room_b, nicolae_stop_n_shop_2,
          minmay_fractal_squares_gapless_7
Temple:   grunt_wide_crystal_templ
Orc:1:    layout_caves
Orc:2:    pf_orc_diabolical, layout_caves, basic_altar, elf_legates

Skill      XL: |  1  2  3  4  5  6  7  8  9 10 11 12 |
---------------+-------------------------------------+-----
Long Blades    | 3 4 5 6 7 9 10 11 12 13 | 13.9
Fighting       | 4 5 6 7 8 9 10 | 10.0
Invocations    | 2 3 4 5 6 7 8 9 |  9.8
Shields        | 1 3 4 5 6 7 |  7.8
Armour         | 3 5 6 7 |  7.6
Dodging        | 2 4 5 6 |  6.7
Evocations     | 1 3 5 |  5.2
Throwing       | 1 3 4 |  4.8

Action                   |  1- 3 |  4- 6 |  7- 9 | 10-12 | 13-15 || total
-------------------------+-------+-------+-------+-------+-------++-------
Melee: Falchion          |    72 |   113 |    17 |       |       ||   202
       Punch             |       |     2 |       |       |       ||     2
       Scimitar          |       |       |   362 |   133 |       ||   495
       Demon blade       |       |       |       |   700 |    46 ||   746
Throw: Dart              |     5 |     8 |     4 |    28 |       ||    45
       Javelin           |       |     6 |    33 |    26 |       ||    65
       Boomerang         |       |     1 |     6 |     9 |       ||    16
Invok: Depart the Abyss  |     1 |       |       |       |       ||     1
       Banish            |       |       |     1 |       |       ||     1
 Abil: Hop               |       |     3 |     5 |     8 |     1 ||    17
Evoke: Wand              |       |       |       |    12 |     2 ||    14
  Use: Scroll            |       |       |     8 |     3 |       ||    11
       Potion            |       |       |     7 |     8 |     3 ||    18
 Stab: Sleeping          |       |       |     1 |       |       ||     1
       Paralysed         |       |       |       |    12 |       ||    12
       Distracted        |       |       |       |     1 |       ||     1
       Invisible         |       |       |       |     3 |       ||     3
Armor: Leather armour    |    16 |    40 |   126 |   233 |     4 ||   419
Dodge: Dodged            |    48 |    65 |   134 |   314 |     8 ||   569
Block: Kite shield       |       |       |   136 |   374 |    18 ||   528
